 Dungeon Crawl Stone Soup version 0.31-a0-819-gf6de2f5ab6 (webtiles) character file.

Game seed: 734317422385768992

4580 snarfax the Cleaver (level 10, -1/60 HPs)
             Began as a Gargoyle Fighter on Sept 24, 2023.
             Was a Follower of Qazlal.
             Slain by a troll (14 damage)
             ... on level 8 of the Dungeon.
             The game lasted 00:18:39 (6605 turns).

snarfax the Cleaver (Gargoyle Fighter)              Turns: 6605, Time: 00:18:40

Health: -1/60      AC: 20    Str: 24    XL:     10   Next: 41%
Magic:  10/10      EV:  8    Int:  9    God:    Qazlal [*.....]
Gold:   1140       SH:  6    Dex:  9    Spells: 9/9 levels left

rFire   + + .        a - +2 war axe (chaos)
rCold   + . .        c - +0 buckler
rNeg    + . .        y - +1 chain mail {rF+}
rPois   ∞            o - +0 hat
rElec   +            (no cloak)
rCorr   .            p - +0 pair of gloves "Ybatasie" {rElec rF+ rC+}
SInv    .            u - +0 pair of boots
Will    .....        w - amulet of the acrobat Stlth
                     (no ring)
HPRegen 0.30/turn    (no ring)
MPRegen 0.12/turn

%: acrobat
@: mighty
A: sickness immunity, AC +7, negative energy resistance 1, electricity
resistance, torment resistance 1, petrification resistance
a: Renounce Religion


You were on level 8 of the Dungeon.
You worshipped Qazlal.
Qazlal was aware of your devotion.
You visited 2 branches of the dungeon, and saw 9 of its levels.

You collected 1140 gold pieces.

Inventory:

Hand Weapons
 a - a +2 war axe of chaos (weapon)
Missiles
 k - 10 boomerangs
 q - 3 poisoned darts
 s - 4 javelins (quivered)
 t - 2 darts of dispersal
Armour
 c - a +0 buckler (worn)
 o - a +0 hat (worn)
 p - the +0 pair of gloves "Ybatasie" (worn) {rElec rF+ rC+}
   (You found it on level 3 of the Dungeon)

   rF+:       It protects you from fire.
   rC+:       It protects you from cold.
   rElec:     It insulates you from electricity.
 u - a +0 pair of boots (worn)
 y - a +1 chain mail of fire resistance (worn)
Jewellery
 w - an amulet of the acrobat (around neck)
Wands
 n - a wand of digging (8)
 r - a wand of light (10)
Scrolls
 b - 4 scrolls of identify
 f - a scroll of acquirement
 l - 3 scrolls of teleportation
 z - a scroll of poison {unknown}
Potions
 d - a potion of might
 e - a potion of berserk rage
 g - 3 potions of invisibility
 h - 3 potions of degeneration
 i - 2 potions of mutation
 j - 2 potions of curing
 m - a potion of brilliance {unknown}
 v - a potion of enlightenment {unknown}
 x - 2 potions of resistance


   Skills:
 - Level 6.0 Fighting
 * Level 11.7 Axes
 - Level 6.0 Armour
 - Level 6.0 Shields


You had 9 spell levels left.
You didn't know any spells.
Your spell library contained the following spells:

 Spells                   Type           Power      Damage    Failure   Level
 Magic Dart               Conj           0%         1d3       94%         1
 Slow                     Hex            0%         N/A       94%         1
 Blink                    Tloc           0%         N/A       98%         2
 Call Imp                 Summ           0%         N/A       98%         2
 Lesser Beckoning         Tloc           0%         N/A       98%         2
 Momentum Strike          Conj/Tloc      0%         3d8       98%         2
 Confusing Touch          Hex            0%         N/A       100%        3
 Mephitic Cloud           Conj/Pois/Air  0%         N/A       100%        3
 Sigil of Binding         Hex            0%         N/A       100%        3
 Tukima's Dance           Hex            0%         N/A       100%        3
 Vampiric Draining        Necr           0%         2d6       100%        3
 Manifold Assault         Tloc           0%         N/A       100%        4
 Passage of Golubria      Tloc           0%         N/A       100%        4
 Yara's Violent Unravell  Hex/Tmut       0%         3d3       100%        5


Dungeon Overview and Level Annotations

Branches:
Dungeon (8/15)             Temple (1/1) D:4
   Lair: D:8-11

Altars:
Ashenzari
Dithmenos
Elyvilon
Fedhas
Gozag
Hepliaklqana
Kikubaaqudgha
Makhleb
Nemelex Xobeh
Okawaru
Qazlal
Ru
Sif Muna
Uskayaw
Vehumet
Wu Jian
Xom
Yredelemnul
Zin
The Shining One

Shops:
D:2 =


Innate Abilities, Weirdness & Mutations

You are immune to sickness and miasma.
Your stone body is resilient. (AC +7)
You are immune to poison.
You resist negative energy. (rN+)
You are resistant to electric shocks. (rElec)
You are resistant to unholy torment.
You are immune to petrification.


Message History

No target in view!
You start resting.
HP restored.
A troll comes into view.
The troll shouts!
You barely miss the troll. The troll bites you but does no damage.
The troll claws you. The troll claws you but does no damage.
You closely miss the troll. You block the troll's attack. x2
The troll barely misses you.
You slash the troll! You burn the troll.
The troll is moderately wounded.
The troll barely misses you. The troll claws you.
The troll claws you but does no damage.
You barely miss the troll.
The troll is moderately wounded.
The troll bites you. The troll claws you. x2
You slice the troll!!
The troll is severely wounded.
The troll bites you but does no damage. The troll barely misses you.
The troll claws you!
You closely miss the troll.
The troll is severely wounded.
The troll bites you but does no damage. You block the troll's attack.
The troll barely misses you.
You barely miss the troll.
The troll is severely wounded.
The troll closely misses you. The troll claws you!
The troll claws you but does no damage.
You are too injured to fight recklessly!
You are too injured to fight recklessly!
You are too injured to fight recklessly!
You barely miss the troll.
The troll is severely wounded.
The troll bites you!
* * * LOW HITPOINT WARNING * * *
The troll barely misses you. The troll claws you.
* * * LOW HITPOINT WARNING * * *
You feel very mighty all of a sudden. The troll bites you!
You die...

#..#......<.#####.#
#..# ##.......# #.#
## ##....#.#####.#
###.###.##.... ##
##..## ##.#.### #..
##...# ##.)# #
..###....##
##.#.###
#T#...#..###.......
#@..##...#.#####..
#...##.(.#.## ###
#....###...### #
#_:.## #...# # #..#
#.#.### # ###
#.#...# # #.###.###
# ..#.....# ###
#####.....# #..


You could see a troll.

Vanquished Creatures
  Amaemon (D:8)
  Jeremiah (D:8)
  Maggie (D:8)
  An orange demon (D:8)
  Grinder (D:5)
  A vampire (D:8)
  A ynoxinul (D:8)
  A wyvern (D:7)
  A steam dragon (D:6)
  A water moccasin (D:7)
  2 ice beasts
  An orc warrior (D:8)
  A sky beast (D:4)
  2 ogres
  A phantom (D:4)
  2 bullfrogs
  4 scorpions
  2 gnoll sergeants
  9 killer bees (D:8)
  3 hounds
  2 jellies
  2 orc priests
  4 iguanas
  2 sleepcaps (D:3)
  6 orc wizards
  8 gnolls
  8 adders
  A white imp (D:5)
  An ufetubus (D:7)
  3 worms
  4 dart slugs (D:1)
  20 orcs
  8 ball pythons
  9 endoplasms
  2 giant cockroaches
  4 goblins
  7 hobgoblins
  4 jackals (D:5)
  4 kobolds
  4 quokkas
  9 bats
  3 frilled lizards
  9 rats
161 creatures vanquished.

Vanquished Creatures (collateral kills)
  A jelly (D:6)
1 creature vanquished.

Vanquished Creatures (others)
  A hound zombie (D:6)
  An orc (D:8)
2 creatures vanquished.

Grand Total: 164 creatures vanquished

Notes
Turn   | Place    | Note
-------+----------+-------------------------------------------
     0 | D:1      | snarfax the Gargoyle Fighter began the quest for the Orb.
     0 | D:1      | Reached XP level 1. HP: 14/14 MP: 1/1
   135 | D:1      | Reached skill level 2 in Axes
   135 | D:1      | Reached XP level 2. HP: 19/19 MP: 2/2
   288 | D:1      | Reached XP level 3. HP: 24/24 MP: 3/3
  1123 | D:2      | Reached XP level 4. HP: 29/29 MP: 4/4
  1157 | D:2      | Found Ogiged's Jewellery Shoppe.
  1661 | D:3      | Reached XP level 5. HP: 28/33 MP: 5/5
  1878 | D:3      | You fall into a shaft and drop 2 floors!
  1878 | D:5      | Entered Level 5 of the Dungeon
  2112 | D:3      | Reached skill level 3 in Axes
  2196 | D:3      | Reached XP level 6. HP: 39/39 MP: 6/6
  2289 | D:3      | Identified the +0 pair of gloves "Ybatasie" {rElec rF+ rC+}
  2733 | D:3      | Identified a scroll of acquirement
  2733 | D:3      | Acquired 771 gold pieces
  3018 | D:4      | Noticed a sky beast
  3038 | D:4      | Killed a sky beast
  3039 | D:4      | Reached skill level 5 in Fighting
  3039 | D:4      | Reached skill level 5 in Armour
  3039 | D:4      | Reached skill level 5 in Shields
  3039 | D:4      | Reached XP level 7. HP: 34/44 MP: 7/7
  3197 | D:4      | Found a shimmering altar of Xom.
  3274 | D:4      | Found a staircase to the Ecumenical Temple.
  3282 | Temple   | Entered the Ecumenical Temple
  3405 | D:5      | Noticed Grinder
  3440 | D:5      | Paralysed by Grinder for 3 turns
  3441 | D:5      | Reached skill level 4 in Axes
  3449 | D:5      | Killed Grinder
  3593 | D:5      | Reached XP level 8. HP: 48/51 MP: 8/8
  3604 | D:5      | Found a glowing silver altar of Zin.
  3741 | D:5      | Found an ornate altar of the Wu Jian Council.
  3760 | D:5      | Found a basalt altar of Yredelemnul.
  4050 | D:6      | Reached skill level 5 in Axes
  4355 | D:6      | Reached skill level 6 in Axes
  4477 | D:6      | Reached skill level 7 in Axes
  4596 | D:6      | Reached XP level 9. HP: 55/55 MP: 9/9
  5006 | D:7      | Reached skill level 8 in Axes
  5490 | D:8      | Found a stormy altar of Qazlal.
  5502 | D:8      | Became a worshipper of Qazlal Stormbringer
  5574 | D:8      | Reached skill level 9 in Axes
  5650 | D:8      | Noticed Maggie
  5658 | D:8      | Killed Maggie
  5670 | D:8      | Noticed Amaemon
  5695 | D:8      | Noticed an orange demon
  5698 | D:8      | Killed Amaemon
  5699 | D:8      | Reached skill level 10 in Axes
  5699 | D:8      | Reached XP level 10. HP: 25/60 MP: 10/10
  5703 | D:8      | Killed an orange demon
  5915 | D:8      | Noticed Jeremiah
  5952 | D:8      | Reached skill level 11 in Axes
  5960 | D:8      | Reached * piety under Qazlal
  6135 | D:8      | Killed Jeremiah
  6507 | D:8      | Found a shimmering blue altar of Sif Muna.
  6605 | D:8      | Slain by a troll

Illustrated notes

Levels and vault maps discovered:
D:1:      elethiomel_arrival_infinity_welcomes_careful_drivers,
          layout_loops_corners
D:2:      layout_rooms, serial_shops, nicolae_shop_window_shopping
D:3:      layout_basic, hellmonk_no_cap
D:4:      minmay_diamond_boxcup, layout_cave_pods, mainiacjoe_overflow_paths,
          minmay_temple_entry_glassed_door
D:5:      layout_basic, mainiacjoe_overflow_cross_hatched, lemuel_crystal_altar,
          mainiacjoe_overflow_catwalk, serial_bayou_crossing, uniq_grinder
D:6:      layout_loops_ring
D:7:      layout_rooms, chequers_serial_rivers_small_a, st_stairs_6,
          corexii_item_surrounded_by_moat, item_on_display_a
D:8:      layout_loops_ring, nicolae_qazlal_style_of_elements,
          nzn_overflow_gifts_of_might_and_magic, uniq_jeremiah, uniq_maggie,
          uniq_amaemon
Temple:   nicolae_temple_superstar

Skill      XL: |  1  2  3  4  5  6  7  8  9 10 |
---------------+-------------------------------+-----
Axes           | 2 3 4 7 10 11 | 11.7
Fighting       | 4 5 6 |  6.0
Armour         | 4 5 6 |  6.0
Shields        | 4 5 6 |  6.0

Action                     |  1- 3 |  4- 6 |  7- 9 | 10-12 || total
---------------------------+-------+-------+-------+-------++-------
  Melee: War axe           |    89 |   133 |   232 |   111 ||   565
  Throw: Boomerang         |       |     3 |     6 |       ||     9
         Dart              |       |       |     8 |       ||     8
         Javelin           |       |       |       |     3 ||     3
    Use: Scroll            |       |     9 |     9 |       ||    18
         Potion            |       |       |     2 |     5 ||     7
   Stab: Petrifying        |       |       |     1 |       ||     1
 Armour: Scale mail        |    76 |    89 |    33 |       ||   198
         Chain mail        |       |       |   166 |   106 ||   272
  Dodge: Dodged            |    47 |    48 |   103 |    50 ||   248
  Block: Buckler           |    29 |    27 |    55 |    34 ||   145

Table legend: (Time is in decaauts)
 A = Elapsed time spent in this place.
 B = Non-inter-level travel time spent in this place.
 C = Inter-level travel time spent in this place.
 D = Time resting spent in this place.
 E = Time spent auto-exploring this place.
 F = Levels seen in this place.
 G = Mean time per level.
                   A        B        C        D        E       F      G
               +--------+--------+--------+--------+--------+-----+--------+
         Total |   6745 |   6424 |    321 |    227 |   4702 |   9 |  749.4 |
       Dungeon |   6719 |   6423 |    296 |    227 |   4702 |   8 |  839.9 |
        Temple |     25 |      0 |     25 |      0 |      0 |   1 |   25.0 |
               +--------+--------+--------+--------+--------+-----+--------+

Top non-repeatable levels by time:
     D:3: 1146 daAuts
     D:8: 1129 daAuts
     D:1: 1048 daAuts
     D:6: 956 daAuts
     D:5: 718 daAuts
     D:4: 658 daAuts
     D:7: 552 daAuts
     D:2: 508 daAuts
  Temple: 25 daAuts
